 Dungeon Sprint DCSS version 0.20.1-1-g8b1a95d (console) character file.

0 hilaritas the Chopper (level 2, -1/15 HPs)
             Began as a Vine Stalker Gladiator on Mar 22, 2018.
             Was a Follower of Uskayaw.
             Killed from afar by Sigmund (3 damage)
             ... with a magic dart
             ... in the Dungeon (Sprint VI: "Thunderdome") on Mar 23, 2018.
             The game lasted 00:01:17 (70 turns).

hilaritas the Chopper (Vine Stalker Gladiator)        Turns: 70, Time: 00:01:18

Health: -1/15      AC:  4    Str: 16    XL:     2   Next: 4%
Magic:  0/3        EV: 12    Int:  8    God:    Uskayaw [*.....]
Gold:   200        SH:  0    Dex: 15    Spells: 1/1 levels left

rFire    . . .     SeeInvis .   a - +0 war axe
rCold    . . .     Gourm    .   (no shield)
rNeg     . . .     Faith    .   b - +0 leather armour
rPois    .         Spirit   +   c - +0 helmet
rElec    .         Reflect  .   (no cloak)
rCorr    .         Harm     .   (no gloves)
MR       .....     NoTele   +   (no boots)
Stlth    +.........             (no amulet)
Regen    0.1/turn               (no ring)
MPRegen  0.1/turn               (no ring)

@: lethally poisoned (-1 -> -10)
A: fangs 2, magic shield, antimagic bite, no potion heal 3, rot immunity
a: Stomp, Renounce Religion


You were in the Dungeon.
You worshipped Uskayaw.
Uskayaw was noncommittal.
You were not hungry.

You visited 1 branch You collected 200 gold pieces.

Inventory:

Hand Weapons
 a - a +0 war axe (weapon)
Missiles
 d - a throwing net (quivered)
Armour
 b - a +0 leather armour (worn)
 c - a +0 helmet (worn)
Wands
 m - a wand of acid (5/15)
 n - a wand of iceblast (5/15)
Scrolls
 k - 4 scrolls of blinking
 o - 3 scrolls of fog
Potions
 e - a potion of curing
 h - 4 potions of haste
 i - 2 potions of magic
 j - a potion of berserk rage
 l - a potion of resistance
Comestibles
 f - a bread ration


   Skills:
 + Level 2.1 Fighting
 * Level 4.0 Axes
 - Level 1.7 Throwing
 - Level 2.4 Dodging
 * Level 1.3 Invocations


You had one spell level left.
You didn't know any spells.

Dungeon Overview and Level Annotations

Branches:
Dungeon (1/1)

Altars:
Cheibriados
Kikubaaqudgha
Makhleb
Qazlal
Uskayaw
Xom
Yredelemnul
The Shining One
Jiyva

Shops:
D ??:(

Annotations:
D Sigmund


Innate Abilities, Weirdness & Mutations

You have extremely sharp teeth.
When hurt, damage is shared between your health and your magic reserves.
Your bite disrupts and absorbs the magic of your enemies.
Potions cannot restore your health.
You are immune to rotting.


Message History

An adder comes into view.
The adder hisses angrily.
Throwing (i - inventory):
d - 2 throwing nets (quivered)
Press: ? - help, Shift-Dir - straight line, f - adder
Aim: an adder You throw a throwing net.
The throwing net hits the adder.
The adder is caught in the net!
The adder struggles against the net.
The adder struggles against the net. x2
The adder struggles against the net.
The net rips apart, and the adder comes free!
Sigmund the Dreaded comes into view.
He is wielding a scythe of protection.
You miss the adder.
Sigmund shouts!
The adder bites you.
* * * LOW HITPOINT WARNING * * *
You are lethally poisoned!
The adder poisons you! Sigmund casts a spell at you. The magic dart hits you!
You die...

##### ##§⌠⌠## #.....#
##.....## ##∩.....∩##
#∩.......∩#
#_...S..._#
#....@..._#
#_.....)._#
###.........###
#⌠...........⌠#
#.8.........8.###
__.....†###.....@__
.......8.# #.8......
.........###.........
......###...###......
...... #.<.# .....
... #...# ....


You could see Sigmund and an adder.

Vanquished Creatures
  A worm (D)
  An orc (D)
  A goblin (D)
  A bat (D)
4 creatures vanquished.

Notes
Turn   | Place    | Note
-------+----------+-------------------------------------------
     0 | D        | hilaritas the Vine Stalker Gladiator began the quest for the Orb.
     0 | D        | Reached XP level 1. HP: 11/11 MP: 2/2
     2 | D        | Found a basalt altar of Yredelemnul.
     2 | D        | Found a burning altar of Makhleb.
     3 | D        | Found a stormy altar of Qazlal.
     3 | D        | Found a snail-covered altar of Cheibriados.
     4 | D        | Found a glowing golden altar of the Shining One.
     4 | D        | Found a viscous altar of Jiyva.
     5 | D        | Found a hide-covered altar of Uskayaw.
     5 | D        | Found Bypsat's Staff Store.
     5 | D        | Found Ciseozut's Magic Scroll Shop.
     5 | D        | Round 1.
     6 | D        | Found Nar Heu's Must-Have Magic.
     6 | D        | Found Juelum's Magic Scroll Shop.
     8 | D        | Found an ancient bone altar of Kikubaaqudgha.
     9 | D        | Found a shimmering altar of Xom.
    12 | D        | Became a worshipper of Uskayaw the Reveler
    22 | D        | Reached skill level 3 in Axes
    28 | D        | Reached * piety under Uskayaw
    30 | D        | Reached ** piety under Uskayaw
    31 | D        | HP: 1/11 [worm (5)]
    32 | D        | Reached skill level 1 in Invocations
    59 | D        | Reached skill level 4 in Axes
    59 | D        | Reached XP level 2. HP: 2/15 MP: 1/3
    70 | D        | Noticed Sigmund
    70 | D        | Killed from afar by Sigmund

Skill      XL: |  1 |
---------------+----+-----
Axes           | 4 |  4.0
Fighting       | 2 |  2.1
Invocations    | 1 |  1.3
Throwing       | |  1.7
Dodging        | |  2.4

Action                   || total
-------------------------++-------
Melee: War axe           ||    10
       Bite              ||     2
Throw: Throwing net      ||     2
Armor: Leather armour    ||     1
Dodge: Dodged            ||     4
